 Dungeon Crawl Stone Soup version 0.30-a0-385-gfebfb9b408 (webtiles) character file.

Game seed: 5438428758586637075

2447 leviel the Cleaver (level 9, 0/69 (79) HPs)
             Began as a Hill Orc Fighter on Dec 2, 2022.
             Was a Believer of Qazlal.
             Slain by a wight
             ... wielding a +2 vorpal scimitar
              (3 damage)
             ... on level 7 of the Dungeon.
             The game lasted 00:08:23 (5327 turns).

leviel the Cleaver (Hill Orc Fighter)               Turns: 5327, Time: 00:08:23

HP:   0/69 (79)     AC: 18    Str: 23    XL:     9   Next: 49%
MP:   12/12         EV:  7    Int:  8    God:    Qazlal [**....]
Gold: 411           SH:  7    Dex: 10    Spells: 8/8 levels left

rFire   . . .      SeeInvis .    a - +2 war axe (flame)
rCold   + . .      Faith    .    c - +0 buckler
rNeg    . . .      Spirit   .    s - +4 chain mail
rPois   .          Reflect  .    f - +0 helmet
rElec   .          Harm     .    (no cloak)
rCorr   .          Rampage  .    i - +0 pair of gloves
Will    .....                    o - +0 pair of boots
Stlth   ..........               (no amulet)
HPRegen 0.31/turn                m - ring of protection from cold
MPRegen 0.13/turn                (no ring)

@: heavily drained
A: no striking features
a: Renounce Religion, Upheaval


You were on level 7 of the Dungeon.
You worshipped Qazlal.
Qazlal was pleased with you.
You visited 2 branches of the dungeon, and saw 8 of its levels.
You also visited: Sewer.

You collected 411 gold pieces.

Inventory:

Hand Weapons
 a - a +2 war axe of flaming (weapon)
Missiles
 d - a throwing net (quivered)
Armour
 c - a +0 buckler (worn)
 f - a +0 helmet (worn)
 i - a +0 pair of gloves (worn)
 o - a +0 pair of boots (worn)
 s - a +4 chain mail (worn)
Jewellery
 m - a ring of protection from cold (left hand)
 p - a +6 ring of dexterity
Wands
 j - a wand of paralysis (12)
 n - a wand of digging (3)
 x - a wand of iceblast (13)
Scrolls
 b - a scroll of teleportation
 k - 2 scrolls of blinking
 r - a scroll of summoning {unknown}
 t - a scroll of enchant armour {unknown}
 u - a scroll of poison {unknown}
 v - a scroll of amnesia
 w - a scroll of fear {unknown}
 y - a scroll of vulnerability {unknown}
Potions
 e - 2 potions of mutation
 g - a potion of curing
 h - 2 potions of flight {unknown}
 l - 2 potions of attraction {unknown}
 q - a potion of brilliance {unknown}


   Skills:
 + Level 7.2 Fighting
 * Level 10.2 Axes
 + Level 6.6 Armour
 + Level 6.6 Shields
 + Level 4.9 Invocations
 + Level 0.8 Evocations


You had 8 spell levels left.
You didn't know any spells.
Your spell library contained the following spells:

 Spells                   Type           Power      Damage    Failure   Level
 Freeze                   Ice            0%         1d3       98%         1
 Cigotuvi's Dreadful Rot  Necr/Pois/Air  0%         N/A       99%         2
 Ensorcelled Hibernation  Hex/Ice        0%         N/A       99%         2
 Frozen Ramparts          Ice            0%         1d1       100%        3
 Hailstorm                Conj/Ice       0%         3d3       100%        3
 Spider Form              Tmut/Pois      0%         N/A       100%        3
 Stone Arrow              Conj/Erth      0%         3d7       100%        3
 Anguish                  Hex/Necr       0%         N/A       100%        4
 Animate Armour           Summ/Erth      0%         N/A       100%        4
 Dispel Undead            Necr           0%         3d6       100%        4
 Death Channel            Necr           0%         N/A       100%        6
 Lehudib's Crystal Spear  Conj/Erth      0%         10d2      100%        8


Dungeon Overview and Level Annotations

Branches:
Dungeon (7/15)             Temple (1/1) D:4           Sewer (visited)

Altars:
Cheibriados
Dithmenos
Elyvilon
Fedhas
Gozag
Kikubaaqudgha
Nemelex Xobeh
Qazlal
Ru
Sif Muna
Uskayaw
Vehumet
Yredelemnul
Zin

Shops:
D:6 (


Message History

The wight is moderately damaged.
The wight hits you with a +0 spear.
You feel drained.
You closely miss the wight.
The wight is moderately damaged.
You block the wight's attack.
You slash the wight! You burn the wight.
You destroy the wight!
Qazlal accepts your kill. The wight hits you but does no damage.
You barely miss the wight.
The wight is moderately damaged.
You block the wight's attack.
The wight hits you from afar with a +0 halberd.
The wight attacks as you move away!
The wight hits you with a +2 vorpal scimitar!
* * * LOW HITPOINT WARNING * * *
x2 The wight attacks as you move away!
You block the wight's attack.
You hit the wight. You burn the wight.
The wight is moderately damaged.
The wight hits you with a +2 vorpal scimitar.
* * * LOW HITPOINT WARNING * * *
You feel drained.
* * * LOW HITPOINT WARNING * * *
x2 You feel better.
You block the wight's attack.
The wight hits you with a +2 vorpal scimitar.
* * * LOW HITPOINT WARNING * * *
You feel drained.
* * * LOW HITPOINT WARNING * * *
x2 You feel better.
The wight hits you from afar with a +0 halberd!
* * * LOW HITPOINT WARNING * * *
The wight hits you with a +2 vorpal scimitar.
* * * LOW HITPOINT WARNING * * *
x2 You barely miss the wight.
The wight is moderately damaged.
The wight completely misses you.
The wight hits you with a +2 vorpal scimitar!
* * * LOW HITPOINT WARNING * * *
You feel drained.
You die...

# #.....##.#.#
#.#.....##'#'### .
#(#............# .
#..............# .
#..............# .#
###+##....##+#.### .#
#....#....# #.#
.#.####....#.#####.#.#
.#...........)zz@..#.#
#.........#########.#
#.........#
#....)....#
#.....?...#
=............
...............
............>...
................


You could see 2 wights.

Vanquished Creatures
  A hornet (D:5)
  Sigmund (D:6)
  A water moccasin (D:5)
  2 black bears
  2 sky beasts (D:6)
  An ogre (D:5)
  A centaur (D:5)
  The ghost of thurberlil the Caller, an amateur HuSu (D:3)
  A phantom (D:4)
  A kobold brigand (D:6)
  2 bullfrogs (Sewer)
  A gnoll sergeant (D:7)
  A necrophage (D:6)
  3 scorpions
  3 wights (D:7)
  2 jellies
  2 hounds
  A gnoll bouda (D:5)
  An iguana (D:5)
  4 orc wizards
  Robin (D:3)
  8 gnolls
  12 adders
  2 river rats (D:3)
  A shadow imp (D:5)
  3 ufetubi
  An adder skeleton (D:2)
  2 worms
  3 dart slugs
  17 orcs
  18 ball pythons
  3 bat skeletons (D:2)
  15 endoplasms
  6 giant cockroaches
  13 goblins
  7 hobgoblins
  7 jackals
  14 quokkas
  6 bats
  11 frilled lizards
  11 kobolds
  4 rats
197 creatures vanquished.

Notes
Turn   | Place    | Note
-------+----------+-------------------------------------------
     0 | D:1      | leviel the Hill Orc Fighter began the quest for the Orb.
     0 | D:1      | Reached XP level 1. HP: 19/19 MP: 1/1
   107 | D:1      | Reached skill level 3 in Axes
   110 | D:1      | Reached XP level 2. HP: 27/27 MP: 2/2
   599 | D:1      | Reached XP level 3. HP: 33/33 MP: 3/3
   974 | D:2      | Reached skill level 4 in Axes
  1199 | D:2      | Reached XP level 4. HP: 40/40 MP: 4/4
  1641 | D:3      | Found a glowing drain.
  1643 | D:3      | Noticed Robin
  1648 | Sewer    | Entered a sewer
  1811 | Sewer    | Reached XP level 5. HP: 45/47 MP: 5/5
  1856 | Sewer    | Reached skill level 5 in Axes
  1946 | Sewer    | Reached XP level 6. HP: 25/53 MP: 6/6
  1948 | Sewer    | Reached skill level 6 in Axes
  2204 | D:3      | Killed Robin
  2305 | D:3      | Found a large runed translucent door.
  2305 | D:3      | Found a large runed translucent door.
  2309 | D:3      | Noticed thurberlil's ghost (amateur HuSu)
  2362 | D:3      | Found a stormy altar of Qazlal.
  2365 | D:3      | Found a sacrificial altar of Ru.
  2369 | D:3      | Found a shadowy altar of Dithmenos.
  2369 | D:3      | Found a radiant altar of Vehumet.
  2370 | D:3      | Found a snail-covered altar of Cheibriados.
  2769 | D:3      | Killed thurberlil's ghost
  2770 | D:3      | Reached skill level 5 in Fighting
  2770 | D:3      | Reached XP level 7. HP: 59/61 MP: 7/7
  2853 | D:4      | Found a staircase to the Ecumenical Temple.
  2861 | Temple   | Entered the Ecumenical Temple
  2946 | D:3      | Became a worshipper of Qazlal Stormbringer
  3533 | D:4      | Reached skill level 5 in Armour
  3538 | D:4      | Reached skill level 7 in Axes
  3538 | D:4      | Reached skill level 5 in Shields
  3591 | D:5      | Entered Level 5 of the Dungeon
  3598 | D:5      | Reached * piety under Qazlal
  3599 | D:5      | Reached skill level 1 in Invocations
  3829 | D:5      | Reached XP level 8. HP: 58/70 MP: 9/9
  3898 | D:5      | Found an ancient bone altar of Kikubaaqudgha.
  3998 | D:5      | Reached skill level 8 in Axes
  4008 | D:5      | Noticed a hornet
  4030 | D:5      | Killed a hornet
  4476 | D:6      | Found Loymnopi's Weapon Emporium.
  4549 | D:6      | Reached skill level 9 in Axes
  4677 | D:6      | Reached XP level 9. HP: 78/78 MP: 10/12
  4906 | D:6      | Noticed Sigmund
  4915 | D:6      | Killed Sigmund
  4915 | D:6      | Reached ** piety under Qazlal
  4960 | D:6      | Reached skill level 10 in Axes
  5327 | D:7      | HP: 3/71 [wight/+2 vorpal scimitar (10)]
  5327 | D:7      | Slain by a wight

Illustrated notes

Levels and vault maps discovered:
D:1:      dpeg_arrival_rooms_c, layout_loops_ring, minmay_pentomino_z2
D:2:      layout_loops_ring, serial_undead, serial_undead_f, serial_undead_d,
          serial_undead_d, serial_undead_b
D:3:      layout_basic, grunt_temple_overflow_open,
          cheibrodos_sewer_entry_sluice, ebering_ghost_disaster_area, uniq_robin
D:4:      layout_basic, minmay_temple_entry_hall
D:5:      layout_cave_pools, mainiacjoe_overflow_alcove_4
D:6:      layout_rooms, serial_shops, nicolae_shop_bloodbath_and_beyond,
          uniq_sigmund
D:7:      layout_basic, okawaru_trees_1, mainiacjoe_overflow_catwalk_spiral,
          nicolae_island_escapes
Temple:   hellmonk_temple_of_storms

Skill      XL: |  1  2  3  4  5  6  7  8  9 |
---------------+----------------------------+-----
Axes           | 3 4 5 6 7 9 10 | 10.2
Fighting       | 4 5 6 7 |  7.2
Shields        | 4 5 6 |  6.6
Armour         | 4 5 6 |  6.6
Invocations    | 2 4 |  4.9
Evocations     | |  0.8

Action                   |  1- 3 |  4- 6 |  7- 9 || total
-------------------------+-------+-------+-------++-------
Melee: War axe           |   111 |   161 |   202 ||   474
  Use: Scroll            |       |     9 |     2 ||    11
       Potion            |       |       |     4 ||     4
Armor: Scale mail        |    50 |    76 |       ||   126
       Chain mail        |       |    26 |   139 ||   165
Dodge: Dodged            |    58 |   100 |    79 ||   237
Block: Buckler           |    18 |    59 |    67 ||   144

Table legend: (Time is in decaauts)
 A = Elapsed time spent in this place.
 B = Non-inter-level travel time spent in this place.
 C = Inter-level travel time spent in this place.
 D = Time resting spent in this place.
 E = Time spent auto-exploring this place.
 F = Levels seen in this place.
 G = Mean time per level.
                   A        B        C        D        E       F      G
               +--------+--------+--------+--------+--------+-----+--------+
         Total |   5530 |   5229 |    301 |    411 |   3500 |   9 |  614.4 |
       Dungeon |   4815 |   4518 |    297 |    290 |   3321 |   7 |  687.9 |
        Temple |     43 |     39 |      4 |      0 |     27 |   1 |   43.0 |
         Sewer |    670 |    670 |      0 |    121 |    152 |   1 |  670.0 |
               +--------+--------+--------+--------+--------+-----+--------+

Top non-repeatable levels by time:
     D:3: 878 daAuts
     D:2: 834 daAuts
     D:4: 791 daAuts
     D:5: 764 daAuts
     D:1: 684 daAuts
   Sewer: 670 daAuts
     D:6: 642 daAuts
     D:7: 220 daAuts
  Temple: 43 daAuts
